 Dungeon Crawl Stone Soup version 0.31-a0-221-gbddc013574 (webtiles) character file.

Game seed: 13131233168599991615

111 qw the Shooter (level 4, 0/36 HPs)
             Began as a Minotaur Hexslinger on July 4, 2023.
             Slain by Pargi (1 damage)
             ... in a sewer.
             The game lasted 00:00:50 (2118 turns).

qw the Shooter (Minotaur Hexslinger)                Turns: 2118, Time: 00:00:51

Health: 0/36       AC:  8    Str: 12    XL:     4   Next: 62%
Magic:  4/4        EV: 11    Int: 10    God:
Gold:   166        SH:  0    Dex: 15    Spells: 4/5 levels left

rFire   + . .        Y - +1 sling
rCold   . . .        (no shield)
rNeg    . . .        g - +3 ring mail {rF+}
rPois   .            (helmet restricted)
rElec   .            (no cloak)
rCorr   .            (no gloves)
SInv    .            (no boots)
Will    .....        (no amulet)
Stlth   +            (no ring)
HPRegen 0.26/turn    (no ring)
MPRegen 0.09/turn

%: no passive effects
@: no status effects
A: horns 2, retaliatory headbutt
a: no special abilities


You were in a sewer.
You visited 1 branch of the dungeon, and saw 3 of its levels.
You also visited: Sewer.

You collected 166 gold pieces.


Innate Abilities, Weirdness & Mutations

You have a pair of horns on your head.
You reflexively headbutt those who attack you in melee.


   Skills:
 + Level 2.1 Fighting
 - Level 5.0 Ranged Weapons
 - Level 1.0 Armour
 - Level 2.1 Dodging
 - Level 1.0 Spellcasting
 - Level 2.0 Hexes


You had 4 spell levels left.
You knew the following spells:

 Your Spells              Type           Power      Damage    Failure   Level
a - Slow                  Hex            16%        N/A       34%         1

Your spell library contained the following spells:

 Spells                   Type           Power      Damage    Failure   Level
 Inner Flame              Hex/Fire       2%         N/A       83%         3
 Portal Projectile        Hex/Tloc       4%         N/A       83%         3
 Cause Fear               Hex            2%         N/A       98%         4

Inventory:

Hand Weapons
 Y - a +1 sling (weapon)
Armour
 g - a +3 ring mail of fire resistance (worn)
Scrolls
 a - a scroll of identify
 c - a scroll of fog {unknown}
 j - 2 scrolls of enchant armour {unknown}
Potions
 b - 2 potions of haste {unknown}
 d - a potion of curing {unknown}
 e - a potion of mutation {unknown}
 f - a potion of degeneration {unknown}
 h - a potion of heal wounds {unknown}
 i - a potion of brilliance {unknown}
 k - a potion of might {unknown}

Dungeon Overview and Level Annotations

Branches:
Dungeon (3/15)              Sewer (1/1)

Altars:

Shops:
D:1 !

Annotations:
Sewer Pargi


Message History

You shoot a sling bullet.
The sling bullet hits Pargi but does no damage.
Pargi is moderately wounded.
You shoot a sling bullet. The sling bullet closely misses Pargi.
You shoot a sling bullet. The sling bullet barely misses Pargi.
Pargi barely misses you. Pargi claws you. Pargi completely misses you.
You shoot a sling bullet. The sling bullet hits Pargi.
Pargi is moderately wounded.
Pargi bites you but does no damage. Pargi claws you but does no damage.
Pargi misses you.
You shoot a sling bullet. The sling bullet hits Pargi!
Pargi is heavily wounded.
Pargi bites you. Pargi claws you but does no damage. Pargi misses you.
Pargi closely misses you. You furiously retaliate!
You headbutt Pargi! Pargi barely misses you.
Pargi claws you but does no damage.
You shoot a sling bullet. The sling bullet barely misses Pargi.
Pargi bites you but does no damage. Pargi barely misses you. x2
You shoot a sling bullet. The sling bullet closely misses Pargi.
Pargi bites you. Pargi claws you but does no damage. Pargi claws you.
You shoot a sling bullet. The sling bullet hits Pargi.
Pargi is severely wounded.
Pargi bites you. Pargi claws you but does no damage. x2
You shoot a sling bullet. The sling bullet closely misses Pargi.
Pargi bites you. Pargi claws you. Pargi claws you but does no damage.
Pargi bites you but does no damage. Pargi claws you but does no damage.
Pargi claws you.
You shoot a sling bullet. The sling bullet barely misses Pargi.
Pargi misses you. You furiously retaliate!
You headbutt Pargi. Pargi claws you but does no damage. x2
You shoot a sling bullet. The sling bullet barely misses Pargi.
Pargi barely misses you. Pargi claws you but does no damage. x2
You shoot a sling bullet. The sling bullet closely misses Pargi.
Pargi bites you. Pargi claws you but does no damage. x2
Pargi bites you but does no damage. Pargi claws you but does no damage.
Pargi claws you.
You shoot a sling bullet. The sling bullet barely misses Pargi.
Pargi bites you. Pargi barely misses you. Pargi claws you but does no damage.
You shoot a sling bullet. The sling bullet closely misses Pargi.
Pargi bites you. Pargi closely misses you. Pargi claws you.
You die...

~~#~~~###~~#~~##
####~~~~~~~~~~~~~~~~##
#~~~~~~~~~~~~~~~~~~~~#
##~~~~~~~~~~~~~~~~~~~~#
##~~~~~~~~~~~~~~~~~~~~~~
#~~~~~~~~~~~~~~~~~~~~~~~
~~~~~~~~~~~~~~~~~~~~~~~~
~~~~~~~~~~~~~~~.~~~~~~~~
~~~~~~~@~.~~~.#.~~~~~~~~
~~~~~~T####~#####~~~~~~~
~~~~~~. #~# ##.~~~~~
~~~~~.# #.# #.~~~~~
~~~~.# #.# #..~~~~ ~~~~~
#.# ###~~~~ ~~~~ #.#
#..~~ ~~~. ##~## ##~~~
#...# #..~


You could see Pargi.

Vanquished Creatures
  Terence (D:3)
  An adder (D:2)
  2 worms (D:3)
  6 dart slugs
  5 endoplasms
  3 giant cockroaches
  6 goblins
  5 hobgoblins
  4 quokkas
  A ball python (D:2)
  7 bats
  2 frilled lizards
  8 kobolds
  6 rats
57 creatures vanquished.

Notes
Turn   | Place    | Note
-------+----------+-------------------------------------------
     0 | D:1      | qw the Minotaur Hexslinger began the quest for the Orb.
     0 | D:1      | Reached XP level 1. HP: 16/16 MP: 1/1
     0 | D:1      | 0 ||| qw: Version: 0.3-a-41-g9d075ac
     0 | D:1      | 0 ||| qw: Game counter: 692
     0 | D:1      | 0 ||| qw: Melee chars always use a shield: true
     0 | D:1      | 0 ||| qw: God list: Okawaru
     0 | D:1      | 0 ||| qw: Allow faded altars: false
     0 | D:1      | 0 ||| qw: Do Orc after clearing Dungeon:15 true
     0 | D:1      | 0 ||| qw: Do second Lair branch before Depths: true
     0 | D:1      | 0 ||| qw: Lair rune preference: random
     0 | D:1      | 0 ||| qw: Goals: Normal
     0 | D:1      | 0 ||| PLANNING D:1-11
    42 | D:1      | Found Tahicufi's Distillery.
    46 | D:1      | 46 ||| SHOPLISTING potion of curing (33 gold, have 15).
    46 | D:1      | 46 ||| SHOPLISTING potion of enlightenment (55 gold, have
                  | 15).
    46 | D:1      | 46 ||| SHOPLISTING potion of heal wounds (55 gold, have
                  | 15).
    46 | D:1      | 46 ||| SHOPLISTING potion of mutation (88 gold, have 15).
    63 | D:1      | Reached skill level 3 in Ranged Weapons
    64 | D:1      | Reached XP level 2. HP: 23/23 MP: 2/2
   643 | D:1      | 643 ||| UPGRADING to +0 leather armour.
   653 | D:1      | 653 ||| DROPPING +0 robe.
   654 | D:1      | 654 ||| UPGRADING to +0 ring mail.
   664 | D:1      | 664 ||| DROPPING +0 leather armour.
   665 | D:1      | 665 ||| READING 2 scrolls labelled EMOGERR UHEIWK.
   666 | D:1      | 666 ||| READING scroll labelled URECIA HULOBOI.
   667 | D:1      | 667 ||| READING scroll labelled VOKKEI GOWUD.
   668 | D:1      | 668 ||| DROPPING scroll of revelation.
   669 | D:1      | 669 ||| DROPPING scroll of poison.
   696 | D:2      | Reached XP level 3. HP: 29/29 MP: 3/3
  1033 | D:2      | Reached skill level 4 in Ranged Weapons
  1090 | D:2      | Reached skill level 1 in Armour
  1412 | D:2      | 1412 ||| READING scroll labelled PEPHEHUYNAFETI.
  1413 | D:2      | 1413 ||| READING scroll labelled PUDUVO ZUAC.
  1414 | D:2      | 1414 ||| READING scroll labelled KODYXO ZOONOE.
  1474 | D:3      | 1474 ||| PLANNING SEWER
  1600 | D:3      | Reached XP level 4. HP: 29/36 MP: 4/4
  1782 | D:3      | Noticed Terence
  1799 | D:3      | Killed Terence
  1800 | D:3      | Reached skill level 5 in Ranged Weapons
  2018 | D:3      | Found a glowing drain.
  2019 | D:3      | 2019 ||| UPGRADING to +3 ring mail of fire resistance.
  2029 | D:3      | 2029 ||| DROPPING +0 ring mail.
  2030 | D:3      | 2030 ||| READING scroll labelled AMYVUGH VEMOCH.
  2034 | Sewer    | Entered a sewer
  2103 | Sewer    | Noticed Pargi
  2116 | Sewer    | HP: 9/36 [Pargi (6)]
  2117 | Sewer    | HP: 2/36 [Pargi (5)]
  2118 | Sewer    | Slain by Pargi

Levels and vault maps discovered:
D:1:      sevenhm_arrival_forest_fort_small_3, layout_loops_ring, serial_shops,
          nicolae_shop_crystal
D:2:      layout_basic, item_on_display_a
D:3:      layout_rooms, gup_sewer_entry_bowl, minivault_26,
          corexii_leaking_fountain, minmay_fountain_box, minmay_liquid_box,
          uniq_terence
Sewer:    sewer_co_pargi_island

Skill      XL: |  1  2  3  4 |
---------------+-------------+-----
Ranged Weapons | 3 4 5 |  5.0
Fighting       | 2 |  2.1
Armour         | 1 |  1.0
Dodging        | |  2.1
Spellcasting   | |  1.0
Hexes          | |  2.0

Action                     |  1- 3 |  4- 6 || total
---------------------------+-------+-------++-------
   Fire: Sling             |   129 |    66 ||   195
    Use: Scroll            |     6 |     1 ||     7
 Armour: Robe              |     6 |       ||     6
         Ring mail         |    14 |    26 ||    40
  Dodge: Dodged            |    36 |    27 ||    63

Table legend:
 A = Non-vault XP
 B = Vault XP
 C = Vault XP percentage of total XP
 D = Non-vault monster count
 E = Vault monster count
 F = Vault count percentage of total count
                 A         B        C        D         E       F
            +---------+---------+-------+---------+---------+-------
      Total |     119 |      40 |  25.2 |      53 |       4 |   7.0
            +---------+---------+-------+---------+---------+-------
        D:1 |      40 |       0 |   0.0 |      20 |       0 |   0.0
        D:2 |      48 |       0 |   0.0 |      19 |       0 |   0.0
        D:3 |      31 |      39 |  55.7 |      14 |       3 |  17.6
      Sewer |       0 |       1 | 100.0 |       0 |       1 | 100.0
            +---------+---------+-------+---------+---------+-------
